 Dungeon Crawl Stone Soup version 0.21.1-1-g345015fe64 (webtiles) character file.

1649 Lothor the Spear-Bearer (level 9, -2/65 HPs)
             Began as a Formicid Fighter on Mar 21, 2018.
             Was a Believer of Cheibriados.
             Slain by Lothor's ghost (6 damage)
             ... on level 6 of the Dungeon.
             The game lasted 00:20:00 (5264 turns).

Lothor the Spear-Bearer (Formicid Fighter)          Turns: 5264, Time: 00:20:00

Health: -2/65      AC:  8    Str: 28    XL:     9   Next: 19%
Magic:  9/9        EV:  8    Int: 12    God:    Cheibriados [**....]
Gold:   273        SH: 10    Dex: 14    Spells: 8/8 levels left

rFire    . . .     SeeInvis +   a - +0 trident
rCold    . . .     Gourm    .   c - +0 shield
rNeg     . . .     Faith    .   b - +0 scale mail
rPois    .         Spirit   .   (helmet unavailable)
rElec    .         Reflect  .   g - +0 cloak
rCorr    .         Harm     .   (no gloves)
MR       .....                  (no boots)
Stlth    ..........             i - amulet of regeneration
HPRegen  0.60/turn              (no ring)
MPRegen  0.11/turn              (no ring)

@: very slow
A: permanent stasis, dig shafts and tunnels, four strong arms, antennae 3
a: Dig, Shaft Self, Bend Time, Renounce Religion


You were on level 6 of the Dungeon.
You worshipped Cheibriados.
Cheibriados was pleased with you.
You were not hungry.

You visited 2 branches of the dungeon, and saw 7 of its levels.
You also visited: Sewer.

You collected 273 gold pieces.

Inventory:

Hand Weapons
 a - a +0 trident (weapon)
Missiles
 s - 126 arrows
 y - 40 bolts
Armour
 b - a +0 scale mail (worn)
 c - a +0 shield (worn)
 g - a +0 cloak (worn)
 F - a +0 plate armour
Jewellery
 i - an amulet of regeneration (around neck)
 l - an uncursed amulet of the gourmand
Scrolls
 d - 3 scrolls of identify
 e - a scroll of random uselessness {unknown}
 m - 8 scrolls of teleportation {unknown}
 q - 2 scrolls of fear {unknown}
 r - a scroll of enchant armour {unknown}
 u - a scroll of fog {unknown}
 v - a scroll of amnesia {unknown}
 w - 4 scrolls of remove curse {unknown}
 x - 2 scrolls of magic mapping {unknown}
 B - a scroll of blinking {unknown}
Potions
 h - 2 potions of degeneration {unknown}
 j - 4 potions of heal wounds {unknown}
 k - 6 potions of flight {unknown}
 n - a potion of resistance {unknown}
 o - a potion of mutation {unknown}
 p - a potion of curing {unknown}
 t - a potion of ambrosia {unknown}
 z - a potion of haste {unknown}
 A - a potion of invisibility {unknown}
 D - a potion of agility {unknown}
 E - a potion of brilliance {unknown}
Books
 C - a book of Minor Magic

   Spells                             Type                      Level
   a - Magic Dart                     Conjuration                  1
   b - Blink                          Translocation                2
   c - Call Imp                       Summoning                    2
   d - Slow                           Hexes                        2
   e - Conjure Flame                  Conjuration/Fire             3
   f - Mephitic Cloud                 Conjuration/Poison/Air       3
Comestibles
 f - 8 rations


   Skills:
 - Level 3.9 Fighting
 + Level 10.6 Polearms
 - Level 4.0 Armour
 - Level 4.3 Shields


You had 8 spell levels left.
You didn't know any spells.

Dungeon Overview and Level Annotations

Branches:
Dungeon (6/15)             Temple (1/1) D:5

Altars:
Ashenzari
Cheibriados
Dithmenos
Elyvilon
Fedhas
Gozag
Hepliaklqana
Kikubaaqudgha
Makhleb
Nemelex Xobeh
Okawaru
Qazlal
Ru
Sif Muna
Trog
Uskayaw
Vehumet
Wu Jian
Xom
Yredelemnul
Zin
The Shining One

Annotations:
D:6 Lothor's ghost, novice FoFi


Innate Abilities, Weirdness & Mutations

You cannot be hasted, slowed, berserked, paralysed or teleported.
You can dig through walls and to a lower floor.
Your four strong arms can wield two-handed weapons with a shield.
You have a pair of large antennae on your head. (SInv)


Message History

You hit Lothor's ghost but do no damage.
Lothor's ghost is heavily damaged.
The gnoll hits you from afar with a spear!
You hit Lothor's ghost but do no damage.
Lothor's ghost is heavily damaged.
Lothor's ghost hits you. You block the gnoll's attack.
You puncture Lothor's ghost!
Lothor's ghost is severely damaged.
You block Lothor's ghost's attack. The gnoll hits you but does no damage.
You puncture Lothor's ghost!
Lothor's ghost is almost destroyed.
Lothor's ghost hits you!
* * * LOW HITPOINT WARNING * * *
The gnoll hits you from afar with a spear.
* * * LOW HITPOINT WARNING * * *
You barely miss Lothor's ghost.
Lothor's ghost is almost destroyed.
Lothor's ghost lets out a mournful wail.
Lothor's ghost hits you.
You die...

#.#..# ... ##.##.## ..
#..##..# #.#
#.####.#####... ..
#####.####.........
#.##..........#..#....
#.$##.................
##.###.#.####...#.....
#.ggW@.#.# #>.###....
#.[...g#####.# #..#
##.# #....... ..# ..##
. .......... .## ..#
##.....g.gg.$ ..#
#......#....
########.... .....


You could see Lothor's ghost and 3 gnolls.

Vanquished Creatures
  Pikel (D:5)
  The ghost of Norrik the Fighter, a novice MiMo of Okawaru (D:4)
  The ghost of Norrik the Chopper, an amateur MiMo (D:5)
  A sky beast (D:5)
  A centaur (D:5)
  2 howler monkeys (D:5)
  2 crimson imps (D:5)
  2 orc priests
  Crazy Yiuf (D:3)
  An orc wizard (D:3)
  A worker ant (D:5)
  A gnoll (D:6)
  5 adders
  A shadow imp (D:5)
  An ooze (D:1)
  An adder skeleton (D:4)
  2 worms (D:2)
  2 dart slugs
  6 leopard geckos
  8 orcs
  2 ball pythons
  8 giant cockroaches
  7 goblins
  5 hobgoblins
  7 jackals
  A quokka (D:2)
  14 bats
  5 frilled lizards
  3 kobolds
  6 rats
  2 fungi (D:3)
101 creatures vanquished.

Notes
Turn   | Place    | Note
-------+----------+-------------------------------------------
     0 | D:1      | Lothor the Formicid Fighter began the quest for the Orb.
     0 | D:1      | Reached XP level 1. HP: 18/18 MP: 1/1
   335 | D:1      | Reached XP level 2. HP: 21/24 MP: 2/2
   419 | D:1      | Reached XP level 3. HP: 22/29 MP: 3/3
  1178 | D:2      | Reached XP level 4. HP: 37/37 MP: 4/4
  1887 | D:3      | Reached skill level 3 in Polearms
  1902 | D:3      | Found a snail-covered altar of Cheibriados.
  1909 | D:3      | Reached XP level 5. HP: 42/42 MP: 5/5
  2084 | D:3      | Found a faded altar of an unknown god.
  2128 | D:3      | Reached skill level 4 in Polearms
  2332 | D:3      | Became a worshipper of Cheibriados the Contemplative
  2587 | D:3      | Found a runed door.
  2591 | D:3      | Noticed Crazy Yiuf
  2596 | D:3      | Killed Crazy Yiuf
  2596 | D:3      | Reached XP level 6. HP: 48/48 MP: 6/6
  2794 | D:4      | Noticed Norrik's ghost (novice MiMo)
  2828 | D:4      | Killed Norrik's ghost
  2828 | D:4      | Reached skill level 6 in Polearms
  2828 | D:4      | Reached XP level 7. HP: 17/53 MP: 7/7
  2925 | D:4      | Reached skill level 7 in Polearms
  2927 | D:4      | Found a glowing drain.
  2967 | Sewer    | Entered a sewer
  3005 | Sewer    | Reached * piety under Cheibriados
  3906 | D:5      | Entered Level 5 of the Dungeon
  4005 | D:5      | Noticed Norrik's ghost (amateur MiMo)
  4026 | D:5      | Killed Norrik's ghost
  4026 | D:5      | Reached skill level 8 in Polearms
  4026 | D:5      | Reached XP level 8. HP: 50/60 MP: 8/8
  4154 | D:5      | Reached ** piety under Cheibriados
  4154 | D:5      | Reached skill level 9 in Polearms
  4476 | D:5      | Noticed Pikel
  4491 | D:5      | Killed Pikel
  4491 | D:5      | Reached skill level 10 in Polearms
  4491 | D:5      | Reached XP level 9. HP: 60/65 MP: 9/9
  4571 | D:5      | Found a staircase to the Ecumenical Temple.
  4626 | Temple   | Entered the Ecumenical Temple
  5231 | D:6      | Noticed Lothor's ghost (novice FoFi)
  5263 | D:6      | HP: 3/65 [gnoll/spear (5)]
  5264 | D:6      | Slain by Lothor's ghost

Skill      XL: |  1  2  3  4  5  6  7  8 |
---------------+-------------------------+-----
Shields        | 4 |  4.3
Armour         | 4 |  4.0
Polearms       | 3 4 6 8 10 | 10.6
Fighting       | |  3.9

Action                   |  1- 3 |  4- 6 |  7- 9 || total
-------------------------+-------+-------+-------++-------
Melee: Trident           |   105 |   169 |   260 ||   534
 Abil: Dig               |       |     1 |     3 ||     4
  Use: Scroll            |       |     4 |       ||     4
       Potion            |       |     1 |       ||     1
  Eat: Chunk             |     1 |     5 |     1 ||     7
       Ration            |       |     1 |     1 ||     2
Armor: Scale mail        |    44 |    48 |   180 ||   272
Dodge: Dodged            |    35 |    36 |   138 ||   209
Block: Shield            |    39 |    84 |   222 ||   345
